 Dungeon Crawl Stone Soup version 0.26.1-11-gd32895ea62 (webtiles) character file.

Game seed: 8526540283386586544

4893 Zeld the Slicer (level 10, -1/60 HPs)
             Began as an Octopode Brigand on May 14, 2021.
             Was a Believer of Fedhas.
             Slain by a killer bee (9 damage)
             ... on level 9 of the Dungeon.
             The game lasted 00:15:48 (13023 turns).

Zeld the Slicer (Octopode Brigand)                 Turns: 13023, Time: 00:15:49

Health: -1/60      AC:  3    Str: 18    XL:     10   Next: 51%
Magic:  23/23      EV: 13    Int: 14    God:    Fedhas [**....]
Gold:   273        SH:  5    Dex: 13    Spells: 27/27 levels left

rFire    + . .     SeeInvis +   r - +2 dagger (protect)
rCold    + + +     Faith    .   (no shield)
rNeg     . . .     Spirit   .   A - +2 hat
rPois    +         Reflect  +   x - amulet of reflection
rElec    .         Harm     .   j - ring of resist corrosion
rCorr    +         Rampage  .   z - ring of Lust {rPois rC+++ Will- Str+4 SInv}
Will     .....                  b - ring of protection from fire
Stlth    ++++......             (no ring)
HPRegen  0.20/turn              (no ring)
MPRegen  0.18/turn              (no ring)
                                (no ring)
                                (no ring)

@: lethally poisoned (-1 -> -6)
A: almost no armour, stealthy swim, amphibious, 8 rings, constrict 8, camouflage
1, gelatinous body 1
a: Renounce Religion, Wall of Briars


You were on level 9 of the Dungeon.
You worshipped Fedhas.
Fedhas was pleased with you.
You visited 2 branches of the dungeon, and saw 10 of its levels.
You also visited: Sewer.

You collected 849 gold pieces.
You spent 576 gold pieces at shops.

Inventory:

Hand Weapons
 a - a +2 dagger
 r - a +2 dagger of protection (weapon)
Missiles
 c - a curare-tipped dart
 d - 5 poisoned darts (quivered)
Armour
 A - a +2 hat (worn)
Jewellery
 b - a ring of protection from fire (on tentacle)
 j - a ring of resist corrosion (left tentacle)
 x - an amulet of reflection (around mantle)
 z - the ring of Lust (right tentacle) {rPois rC+++ Will- Str+4 SInv}
   (You found it on level 5 of the Dungeon)

   [ring of see invisible]

   It affects your strength (+4).
   It renders you almost immune to cold.
   It protects you from poison.
   It affects your willpower, your defense against some magical effects.
   It lets you see invisible.
Wands
 h - a wand of digging (4)
 v - a wand of disintegration (4)
 y - a wand of random effects (17)
 B - a wand of acid (5)
Scrolls
 f - 4 scrolls of remove curse
 g - a scroll of fear
 l - 2 scrolls of amnesia
 n - 2 scrolls of enchant armour
 w - 2 scrolls of magic mapping
Potions
 e - 9 potions of curing
 i - a potion of attraction {unknown}
 k - a potion of flight
 m - a potion of brilliance {unknown}
 o - 4 potions of haste
 p - 2 potions of ambrosia {unknown}
 q - a potion of degeneration {unknown}
 s - 3 potions of lignification {unknown}
 u - 2 potions of mutation {unknown}
 C - 2 potions of heal wounds


   Skills:
 - Level 2.0 Fighting
 - Level 10.0 Short Blades
 - Level 6.0 Throwing
 - Level 1.0 Dodging
 - Level 5.3 Stealth
 + Level 9.3 Spellcasting


You had 27 spell levels left.
You didn't know any spells.
Your spell library contained the following spells:

 Spells                   Type           Power        Failure   Level
 Magic Dart               Conj           24%          12%         1
 Searing Ray              Conj           12%          17%         2
 Dazzling Flash           Conj/Hex       12%          34%         3
 Fulminant Prism          Conj/Hex       3%           75%         4
 Iskenderun's Mystic Bla  Conj/Tloc      6%           75%         4


Dungeon Overview and Level Annotations

Branches:
Dungeon (9/15)             Temple (1/1) D:5           Sewer (visited)
   Lair: D:8-11         Orc: D:9-12

Altars:
Ashenzari
Cheibriados
Dithmenos
Elyvilon
Fedhas
Gozag
Hepliaklqana
Kikubaaqudgha
Makhleb
Nemelex Xobeh
Okawaru
Qazlal
Ru
Sif Muna
Trog
Uskayaw
Vehumet
Wu Jian
Xom
Yredelemnul
Zin
The Shining One

Shops:
D:5 [   D:7 }


Innate Abilities, Weirdness & Mutations

You cannot wear most types of armour.
You are very stealthy in the water. (Stealth+)
You are amphibious.
You can wear up to eight rings at the same time.
You can use your tentacles to constrict eight enemies at once.
Your skin changes colour to match your surroundings (Stealth+).
Your rubbery body absorbs attacks. (AC +1, EV +1)


Message History

The killer bee closely misses you. The killer bee stings you.
You are poisoned.
The killer bee poisons you!
A killer bee comes into view.
The killer bee stings you! The killer bee stings you.
The killer bee buzzes angrily.
You feel sick.
The killer bee buzzes angrily. x2
You block the killer bee's attack.
There is a stone staircase leading up here.
You feel sick. The killer bee stings you.
* * * LOW HITPOINT WARNING * * *
The killer bee closely misses you. You block the killer bee's attack.
The killer bee barely misses you. The killer bee misses you.
The killer bee stings you!
* * * LOW HITPOINT WARNING * * *
The killer bee stings you!
You die...
Fedhas appreciates your contribution to the ecosystem.

#.#. .. #. ....
..##.#####.##########
.............>.....#
#...#.............#
#......#.###.######.#
#....5y..........$..#
#...yy#y..#...#######
#....@yy......#
#...y####.....#
#.......(..#.##
#..........#.#
#..#########.#
#......... ..#
#^######## ### #. #.


You could see 7 killer bees and an ufetubus.

Vanquished Creatures
  3 two-headed ogres (D:8)
  A centaur zombie (D:8)
  A hornet (D:8)
  A water moccasin (Sewer)
  A necrophage (D:8)
  2 black bears
  An ice beast (D:6)
  A phantom (D:8)
  2 centaurs (D:8)
  An eye of draining (D:8)
  3 ogres
  2 bullfrogs
  A water moccasin skeleton (D:5)
  4 wights (D:8)
  2 jellies
  2 hounds (D:6)
  5 orc priests
  Crazy Yiuf (D:7)
  A gnoll shaman (D:8)
  3 orc wizards
  An iguana (D:8)
  Ijyb (D:4)
  6 worker ants
  A worker ant zombie (D:8)
  5 gnolls (D:8)
  14 adders
  3 shadow imps
  A white imp (D:5)
  3 ufetubi
  2 oozes
  2 adder zombies
  2 adder skeletons
  3 worms (D:2)
  5 leopard geckos
  30 orcs
  A ball python (D:3)
  5 giant cockroaches
  14 goblins
  4 hobgoblins
  8 jackals
  4 quokkas
  12 bats
  3 frilled lizards
  6 kobolds
  2 leopard gecko skeletons
  A quokka skeleton (D:4)
  5 rats
182 creatures vanquished.

Vanquished Creatures (collateral kills)
  An orc warrior (D:8)
  An orc priest (D:8)
  An orc (D:8)
3 creatures vanquished.

Vanquished Creatures (others)
  A leopard gecko skeleton (D:5)
  13 fungi (D:5)
14 creatures vanquished.

Grand Total: 199 creatures vanquished

Notes
Turn   | Place    | Note
-------+----------+-------------------------------------------
     0 | D:1      | Zeld the Octopode Brigand began the quest for the Orb.
     0 | D:1      | Reached XP level 1. HP: 14/14 MP: 1/1
   123 | D:1      | Reached XP level 2. HP: 13/19 MP: 2/2
   389 | D:1      | Reached skill level 1 in Spellcasting
   571 | D:1      | Reached XP level 3. HP: 24/24 MP: 4/4
   792 | D:2      | Found a glowing silver altar of Zin.
  1645 | D:2      | Reached XP level 4. HP: 4/29 MP: 6/6
  2119 | D:2      | Found a faded altar of an unknown god.
  2822 | D:2      | Reached XP level 5. HP: 34/34 MP: 8/8
  4357 | D:3      | Found a sparkling altar of Nemelex Xobeh.
  4459 | D:4      | Noticed an ogre
  4466 | D:4      | Found a glowing drain.
  4487 | Sewer    | Entered a sewer
  4537 | Sewer    | Noticed a water moccasin
  4706 | Sewer    | Killed a water moccasin
  4707 | Sewer    | Reached skill level 5 in Throwing
  4707 | Sewer    | Reached XP level 6. HP: 19/39 MP: 8/10
  4987 | D:4      | Noticed Ijyb
  4998 | D:4      | Killed Ijyb
  5531 | D:4      | Reached XP level 7. HP: 30/45 MP: 12/12
  6307 | D:5      | Entered Level 5 of the Dungeon
  6313 | D:5      | Found Kothrauru's Armour Shop.
  6748 | D:5      | Found a staircase to the Ecumenical Temple.
  6770 | Temple   | Entered the Ecumenical Temple
  6847 | Temple   | Became a worshipper of Fedhas Madash
  6930 | D:5      | Got a sparkling silver ring
  6931 | D:5      | Identified the ring of Lust {rPois rC+++ Will- Str+4 SInv}
                  | (You found it on level 5 of the Dungeon)
  7001 | D:5      | Reached skill level 3 in Short Blades
  7546 | D:6      | Reached skill level 5 in Spellcasting
  7546 | D:6      | Reached XP level 8. HP: 41/50 MP: 15/15
  7649 | D:6      | Reached skill level 4 in Short Blades
  8408 | D:7      | Found Duabid's Gadget Shoppe.
  8433 | D:7      | Reached skill level 5 in Short Blades
  8437 | D:7      | Bought a wand of paralysis (4) for 96 gold pieces
  8437 | D:7      | Bought a wand of acid (11) for 480 gold pieces
  9080 | D:7      | Found a runed translucent door.
  9081 | D:7      | Noticed Crazy Yiuf
  9176 | D:7      | Killed Crazy Yiuf
  9300 | D:8      | Noticed a two-headed ogre
  9688 | D:8      | Killed a two-headed ogre
  9689 | D:8      | Reached skill level 7 in Short Blades
  9689 | D:8      | Reached XP level 9. HP: 54/54 MP: 16/18
  9735 | D:8      | Noticed a hornet
  9744 | D:8      | Killed a hornet
  9862 | D:8      | Reached * piety under Fedhas
  9881 | D:8      | Reached skill level 8 in Short Blades
 10866 | D:8      | Noticed a two-headed ogre
 11020 | D:8      | Killed a two-headed ogre
 11021 | D:8      | Reached skill level 9 in Short Blades
 11021 | D:8      | Reached XP level 10. HP: 42/60 MP: 11/21
 11302 | D:8      | Reached skill level 10 in Short Blades
 11414 | D:8      | Reached ** piety under Fedhas
 12113 | D:8      | Noticed a two-headed ogre
 12155 | D:8      | Killed a two-headed ogre
 13023 | D:9      | Slain by a killer bee

Illustrated notes

Levels and vault maps discovered:
D:1:      dpeg_arrival_renting, layout_basic
D:2:      layout_loops_corners, zin_academy, chequers_ecumenical_altar_simple,
          minmay_cupped
D:3:      layout_loops_ring, minmay_misc_feat_chi, nemelex_diamond_rough_becter
D:4:      layout_loops_ring, portal_sewer_entry_f, minmay_misc_feat_roman,
          minmay_goblin_outpost, uniq_ijyb
D:5:      layout_rooms, minmay_temple_entry_stoned_glass, serial_aquarium,
          aquarium_bridge_square [aquarium_subvault_bridge,
          aquarium_subvault_bridge, aquarium_subvault_wall,
          aquarium_subvault_window], aquarium_bridge_long_separate
          [aquarium_subvault_window, aquarium_subvault_bridge,
          aquarium_subvault_bridge, aquarium_subvault_window,
          aquarium_subvault_bridge, aquarium_subvault_balcony],
          aquarium_window_corner, aquarium_window_1, aquarium_view_2c,
          aquarium_balcony_3b, aquarium_pool_corner, serial_shops, shop,
          lemuel_flame_loot_1
D:6:      layout_loops_ring
D:7:      layout_rooms, serial_shops, shop_fountains, minmay_holes,
          uniq_crazy_yiuf_cottage
D:8:      layout_basic, grunt_decor_one_mirror
D:9:      layout_basic, gammafunk_ghost_wrathful_warriors, uniq_maggie
Temple:   compressed_dpeg_circular_temple

Skill      XL: |  1  2  3  4  5  6  7  8  9 10 |
---------------+-------------------------------+-----
Spellcasting   | 1 2 3 5 6 7 9 |  9.3
Throwing       | 3 4 5 6 |  6.0
Short Blades   | 3 7 9 10 | 10.0
Fighting       | |  2.0
Dodging        | |  1.0
Stealth        | |  5.3

Action                   |  1- 3 |  4- 6 |  7- 9 | 10-12 || total
-------------------------+-------+-------+-------+-------++-------
Melee: Dagger            |    61 |   144 |   228 |   102 ||   535
       Tentacles         |    11 |    27 |    58 |    33 ||   129
       Constrict         |    16 |    45 |    40 |    16 ||   117
Throw: Dart              |       |     5 |    20 |    10 ||    35
Evoke: Wand              |       |       |     8 |     2 ||    10
  Use: Potion            |       |     1 |     4 |       ||     5
       Scroll            |       |    11 |     8 |     4 ||    23
 Stab: Sleeping          |     8 |    11 |    16 |     2 ||    37
       Distracted        |       |     2 |     1 |     2 ||     5
Armor: Skin              |     3 |    44 |    36 |     5 ||    88
Dodge: Dodged            |    37 |   125 |    94 |    38 ||   294
Block: Other             |       |       |    39 |    10 ||    49
       Reflection        |       |       |     1 |       ||     1
